 Dungeon Crawl Stone Soup version 0.31-a0-700-gf13585253f (webtiles) character file.

Game seed: 5144594576830793780

1719 Ekaitz the Zephyrmancer (level 9, -1/52 HPs)
             Began as a Tengu Air Elementalist on Sept 7, 2023.
             Was a Follower of Vehumet.
             Slain by a gnoll sergeant
             ... wielding a +3 spear of freezing
              (2 damage)
             ... on level 6 of the Dungeon.
             The game lasted 00:18:49 (7354 turns).

Ekaitz the Zephyrmancer (Tengu Air Elementalist)    Turns: 7354, Time: 00:18:51

Health: -1/52      AC:  2    Str:  8    XL:     9   Next: 4%
Magic:  1/17       EV: 18    Int: 20    God:    Vehumet [*.....]
Gold:   175        SH:  0    Dex: 15    Spells: 6/17 levels left

rFire   . . .        n - staff of conjuration
rCold   + . .        (no shield)
rNeg    . . .        a - +0 robe
rPois   .            (helmet restricted)
rElec   .            (no cloak)
rCorr   +            (no gloves)
SInv    .            (boots unavailable)
Will    .....        (no amulet)
Stlth   ++           C - ring of protection from cold
HPRegen 0.28/turn    K - ring of resist corrosion
MPRegen 0.15/turn

%: acrobat
@: flying
A: beak, talons 3, evasive flight, acrobatic
a: Renounce Religion


You were on level 6 of the Dungeon.
You worshipped Vehumet.
Vehumet was aware of your devotion.
You visited 2 branches of the dungeon, and saw 7 of its levels.
You also visited: Ossuary.

You collected 559 gold pieces.
You spent 384 gold pieces at shops.

Inventory:

Hand Weapons
 p - a +0 dagger of freezing
 t - a +0 dagger of venom
 w - a +0 long sword of pain
 J - a +4 dagger
 L - a +0 halberd of flaming
 M - a +2 whip of venom
Missiles
 f - 4 atropa-tipped darts
 A - 6 poisoned darts
Armour
 a - a +0 robe (worn)
Magical Staves
 n - a staff of conjuration (weapon)
Jewellery
 y - a ring of fire
 C - a ring of protection from cold (left hand)
 K - a ring of resist corrosion (right hand)
Talismans
 x - a flux talisman
Wands
 B - a wand of flame (37)
 I - a wand of polymorph (4)
Scrolls
 e - a scroll of enchant armour {unknown}
 g - 2 scrolls of enchant weapon {unknown}
 i - 5 scrolls of identify {unknown}
 j - a scroll of immolation {unknown}
 k - a scroll of brand weapon {unknown}
 l - a scroll of fear {unknown}
 m - a scroll of amnesia {unknown}
 q - 3 scrolls of fog {unknown}
 u - a scroll of teleportation {unknown}
 v - a scroll of noise {unknown}
 D - a scroll of silence {unknown}
 G - a scroll of revelation {unknown}
Potions
 b - a potion of magic
 c - 2 potions of berserk rage {unknown}
 d - 4 potions of enlightenment {unknown}
 h - 4 potions of curing {unknown}
 o - a potion of ambrosia {unknown}
 r - a potion of might {unknown}
 s - 2 potions of heal wounds {unknown}
 z - a potion of resistance {unknown}
 E - a potion of degeneration {unknown}
 F - a potion of lignification {unknown}
 H - a potion of haste {unknown}


   Skills:
 * Level 3.7 Fighting
 + Level 0.2 Staves
 * Level 4.8 Dodging
 + Level 2.5 Stealth
 + Level 4.8 Spellcasting
 + Level 5.5 Conjurations
 * Level 1.8 Fire Magic
 * Level 8.1 Air Magic
 * Level 3.6 Evocations


You had 6 spell levels left.
You knew the following spells:

 Your Spells              Type           Power      Damage    Failure   Level
a - Shock                 Conj/Air       100%       1d9       1%          1
b - Static Discharge      Conj/Air       96%        2-6/arc   1%          2
c - Swiftness             Air            37%        N/A       1%          3
d - Airstrike             Air            18%        2d(3-19)  4%          4
x - Foxfire               Conj/Fire      100%       2x1d9     2%          1

Your spell library contained the following spells:

 Spells                   Type           Power      Damage    Failure   Level
 Magic Dart               Conj           100%       1d8       1%          1
 Cigotuvi's Dreadful Rot  Necr/Pois/Air  30%        N/A       6%          2
 Ensorcelled Hibernation  Hex/Ice        8%         N/A       19%         2
 Jinxbite                 Hex            8%         N/A       19%         2
 Ignite Poison            Fire/Tmut/Pois 7%         N/A       26%         3
 Sticky Flame             Conj/Fire      29%        2d5       26%         4
 Anguish                  Hex/Necr       2%         N/A       75%         4
 Dispel Undead            Necr           4%         3d7       75%         4
 Plasma Beam              Fire/Air       12%        2x1d23    93%         6
 Starburst                Conj/Fire      14%        6d6       98%         6
 Death Channel            Necr           2%         N/A       100%        6
 Ignition                 Fire           6%         3d4       100%        8


Dungeon Overview and Level Annotations

Branches:
Dungeon (6/15)             Temple (1/1) D:4         Ossuary (visited)

Altars:
Ashenzari
Cheibriados
Dithmenos
Elyvilon
Gozag
Kikubaaqudgha
Makhleb
Okawaru
Ru
Trog
Uskayaw
Vehumet
Xom
The Shining One

Shops:
D:3 *   D:5 :

Annotations:
D:5 1 runed translucent door, Grinder; SecretSquirrel's ghost, novice DsDe


Innate Abilities, Weirdness & Mutations

You have a beak for a mouth.
You have claws for feet.
Your magical flight helps you evade attacks. (EV +4)
You can magically evade attacks while moving or waiting.


Message History

The gnoll sergeant is lightly wounded.
The gnoll is struck by an arc of lightning.
The gnoll is heavily wounded.
The lightning grounds out.
The gnoll is struck by an arc of lightning!
You kill the gnoll!
Vehumet accepts your kill.
The gnoll sergeant is struck by an arc of lightning.
The gnoll sergeant is moderately wounded.
You are struck by an arc of lightning.
The gnoll sergeant is struck by an arc of lightning!
The gnoll sergeant is heavily wounded.
The lightning grounds out.
The gnoll sergeant misses you.
Unknown command.
Casting: Static Discharge (safe; 1% risk of failure)
Confirm with . or Enter, or press ? or * to list all spells.
You feel a surge of power!
The gnoll is struck by an arc of lightning.
The gnoll is moderately wounded.
You are struck by an arc of lightning.
The gnoll is struck by an arc of lightning!
The gnoll is almost dead.
The lightning grounds out.
The gnoll sergeant is struck by an arc of lightning.
The gnoll sergeant is severely wounded.
The gnoll is struck by an arc of lightning.
You kill the gnoll!
Vehumet accepts your kill.
You are struck by an arc of lightning.
The lightning grounds out.
The gnoll sergeant hits you with a +3 spear of freezing.
* * * LOW HITPOINT WARNING * * *
The gnoll sergeant freezes you.
* * * LOW HITPOINT WARNING * * *
You hit the gnoll sergeant but do no damage.
You claw the gnoll sergeant, but do no damage.
The gnoll sergeant is severely wounded.
The gnoll sergeant hits you with a +3 spear of freezing!
* * * LOW HITPOINT WARNING * * *
The gnoll sergeant freezes you.
You die...

..#.)........#
#.#†.........#
..............#
###...........#
##..........# #
#..........### .#
######............##.##.
#.....)).........[....$.
#.....g@########....:..?
.##....D### ##.....#...
........# ##........##
###....g#######.........#
#.......g.............#
#.....######..#.......#
#.....# #.#.......##
.......# #.#.......#
#.####### ..#.......#


You could see a steam dragon and a gnoll sergeant.

Vanquished Creatures
  The ghost of justen the Ruffian, an amateur GrSh (D:3)
  Duvessa (D:5)
  3 ice beasts (D:6)
  2 black bears
  2 phantoms
  An elf zombie (Ossuary)
  A scorpion (D:6)
  Dowan (D:5)
  A centaur zombie (Ossuary)
  A hound (D:4)
  A jelly (D:6)
  2 orc priests (D:6)
  A gnoll bouda (D:5)
  2 iguanas
  2 orc wizards (D:5)
  3 mummies
  Robin (D:4)
  17 gnolls
  6 adders
  A hound simulacrum (D:3)
  A shadow imp (D:6)
  A white imp (D:5)
  An ufetubus (D:5)
  3 worms
  A dart slug (D:3)
  3 adder simulacra (D:3)
  10 orcs
  6 bats
  12 endoplasms
  4 giant cockroaches
  12 goblins
  14 hobgoblins
  4 kobolds
  A quokka (D:1)
  9 ball pythons
  3 frilled lizards
  2 gnoll zombies (Ossuary)
  3 goblin zombies (Ossuary)
  7 hobgoblin zombies
  A kobold zombie (D:4)
  An orc zombie (Ossuary)
  A quokka simulacrum (D:3)
  4 rats
154 creatures vanquished.

Vanquished Creatures (others)
  45 foxfires
45 creatures vanquished.

Grand Total: 199 creatures vanquished

Notes
Turn   | Place    | Note
-------+----------+-------------------------------------------
     0 | D:1      | Ekaitz the Tengu Air Elementalist began the quest for the
                  | Orb.
     0 | D:1      | Reached XP level 1. HP: 10/10 MP: 4/4
   189 | D:1      | Reached XP level 2. HP: 15/15 MP: 3/6
   246 | D:1      | Learned a level 2 spell: Static Discharge
   693 | D:1      | Found a faded altar of an unknown god.
   706 | D:1      | Reached XP level 3. HP: 20/20 MP: 1/7
   716 | D:1      | Learned a level 3 spell: Swiftness
  1717 | D:2      | Reached skill level 5 in Air Magic
  1755 | D:2      | Reached XP level 4. HP: 23/24 MP: 1/8
  1973 | D:2      | Reached skill level 1 in Fighting
  2318 | D:3      | Found a runed translucent gate.
  2318 | D:3      | Found a runed translucent gate.
  2318 | D:3      | Found a runed translucent gate.
  2431 | D:3      | Reached XP level 5. HP: 25/29 MP: 5/9
  2670 | D:3      | Found Mohor's General Store.
  2809 | D:3      | Noticed justen's ghost (amateur GrSh)
  2847 | D:3      | Found a large runed translucent door.
  2847 | D:3      | Found a large runed translucent door.
  3251 | D:4      | Noticed Robin
  3258 | D:4      | Killed Robin
  3297 | D:4      | Found a shadowy altar of Dithmenos.
  3363 | D:4      | Found a sacrificial altar of Ru.
  3389 | D:4      | Noticed a black bear
  3403 | D:4      | Killed a black bear
  3404 | D:4      | Reached skill level 1 in Evocations
  3404 | D:4      | Reached XP level 6. HP: 35/35 MP: 4/11
  3417 | D:4      | Learned a level 4 spell: Airstrike
  3427 | D:4      | Found a sand-covered staircase.
  3560 | Ossuary  | Entered an ossuary
  3617 | Ossuary  | Reached skill level 6 in Air Magic
  4310 | D:4      | Found a staircase to the Ecumenical Temple.
  4317 | Temple   | Entered the Ecumenical Temple
  4326 | Temple   | Became a worshipper of Vehumet
  4445 | D:4      | Gained mutation: Your magical flight helps you evade
                  | attacks. (EV +4) [Tengu growth]
  4445 | D:4      | Reached XP level 7. HP: 40/40 MP: 8/13
  4944 | D:3      | Killed justen's ghost
  5155 | D:3      | Found a broken altar of Ashenzari.
  5178 | D:3      | Found a burning altar of Makhleb.
  5246 | D:5      | Entered Level 5 of the Dungeon
  5748 | D:5      | Found an opulent altar of Gozag.
  5750 | D:5      | Noticed Grinder
  5787 | D:5      | Found a runed translucent door.
  5793 | D:5      | Noticed SecretSquirrel's ghost (novice DsDe)
  5799 | D:5      | Found Getob's Book Shoppe.
  5799 | D:5      | Noticed Dowan
  5814 | D:5      | Noticed Duvessa
  5823 | D:5      | Killed Duvessa
  5824 | D:5      | Reached skill level 7 in Air Magic
  5824 | D:5      | Reached XP level 8. HP: 34/45 MP: 2/14
  5830 | D:5      | Killed Dowan
  5992 | D:5      | Bought a book of Fire for 384 gold pieces
  5994 | D:5      | Learned a level 1 spell: Foxfire
  6059 | D:5      | Reached skill level 5 in Conjurations
  6165 | D:5      | Found an ancient bone altar of Kikubaaqudgha.
  7078 | D:6      | Reached * piety under Vehumet
  7078 | D:6      | Offered knowledge of Magic Dart by Vehumet.
  7172 | D:6      | Reached skill level 1 in Fire Magic
  7328 | D:6      | Reached skill level 8 in Air Magic
  7328 | D:6      | Reached XP level 9. HP: 36/52 MP: 1/17
  7354 | D:6      | HP: 1/52 [gnoll sergeant/+3 spear of freezing (10)]
  7354 | D:6      | Slain by a gnoll sergeant

Illustrated notes

Levels and vault maps discovered:
D:1:      giann_wishing_wells, layout_basic, basic_ecumenical_altar,
          chequers_serial_rivers_room_a
D:2:      minmay_diamond_boxcup, layout_basic
D:3:      layout_basic, jmf_multi_god_temple2, serial_shops, shop,
          gammafunk_ghost_icy
D:4:      layout_loops_corners, hangedman_ru_absence,
          nicolae_dithmenos_through_a_glass_darkly, minmay_temple_entry_arrows,
          nicolae_ossuary_entry_giza, uniq_robin
D:5:      layout_basic, mainiacjoe_overflow_paths,
          nicolae_gozag_cash_rules_everything_around_me,
          hellmonk_ghost_happy_afterlife, serial_shops, shop,
          serial_co_window_serial, co_window_paths_b,
          co_window_of_opportunity_a, co_window_of_opportunity_a,
          co_window_cross_1, co_window_of_opportunity_a, co_window_paths_b,
          co_window_corner_b, co_window_cross_4, co_window_corner_b,
          co_window_of_opportunity_b, co_window_corner_b, glass_columns_b,
          glass_columns_b, glass_columns_b, glass_columns_a, glass_columns_a,
          uniq_grinder, uniq_duvessa
D:6:      layout_rooms, nicolae_overflow_hidden_temple
Temple:   hellmonk_temple_micro_hex

Skill      XL: |  1  2  3  4  5  6  7  8 |
---------------+-------------------------+-----
Conjurations   | 2 3 4 5 |  5.5
Air Magic      | 5 6 7 8 |  8.1
Fighting       | 1 2 3 |  3.7
Dodging        | 3 4 |  4.8
Evocations     | 1 2 3 |  3.6
Spellcasting   | 3 4 |  4.8
Fire Magic     | 1 |  1.8
Staves         | |  0.2
Stealth        | |  2.5

Action                     |  1- 3 |  4- 6 |  7- 9 || total
---------------------------+-------+-------+-------++-------
  Melee: Unarmed           |    11 |       |       ||    11
         Kick              |     3 |     1 |     6 ||    10
         Peck              |     2 |       |     4 ||     6
         Staff             |     2 |     3 |    15 ||    20
   Cast: Shock             |    81 |   138 |    68 ||   287
         Static Discharge  |     1 |     9 |    17 ||    27
         Airstrike         |       |     1 |    13 ||    14
         Foxfire           |       |       |    23 ||    23
  Evoke: Wand              |       |       |     1 ||     1
 Armour: Robe              |    16 |    15 |    25 ||    56
  Dodge: Dodged            |    20 |    19 |    41 ||    80

Table legend: (Time is in decaauts)
 A = Elapsed time spent in this place.
 B = Non-inter-level travel time spent in this place.
 C = Inter-level travel time spent in this place.
 D = Time resting spent in this place.
 E = Time spent auto-exploring this place.
 F = Levels seen in this place.
 G = Mean time per level.
                   A        B        C        D        E       F      G
               +--------+--------+--------+--------+--------+-----+--------+
         Total |   7356 |   7104 |    252 |    191 |   5640 |   8 |  919.5 |
       Dungeon |   6740 |   6493 |    247 |    113 |   5227 |   6 | 1123.3 |
        Temple |     14 |      9 |      5 |      0 |      4 |   1 |   14.0 |
       Ossuary |    601 |    601 |      0 |     78 |    409 |   1 |  601.0 |
               +--------+--------+--------+--------+--------+-----+--------+

Top non-repeatable levels by time:
     D:5: 1536 daAuts
     D:3: 1240 daAuts
     D:2: 1180 daAuts
     D:4: 1167 daAuts
     D:1: 1042 daAuts
 Ossuary: 601 daAuts
     D:6: 573 daAuts
  Temple: 14 daAuts
